 Dungeon Crawl Stone Soup version 0.19.4-9-g45fd643 (webtiles) character file.

2228 vatarom the Protected (level 9, 0/70 HPs)
             Began as a Hill Orc Fighter on Feb 20, 2017.
             Slain by an orc warrior
             ... wielding a +0 battleaxe
              (11 damage)
             ... on level 5 of the Dungeon.
             The game lasted 00:08:38 (5871 turns).

vatarom the Protected (Hill Orc Fighter)            Turns: 5871, Time: 00:08:39

Health: 0/70       AC: 10    Str: 19    XL:     9   Next: 36%
Magic:  9/9        EV: 11    Int: 10    God:
Gold:   242        SH: 10    Dex: 13    Spells: 0 memorised, 8 levels left

rFire  x . .     SeeInvis .     a - +1 war axe
rCold  + . .     Gourm    .     b - +0 scale mail
rNeg   . . .     Faith    .     c - +1 shield
rPois  .         Spirit   .     (no helmet)
rElec  .         Reflect  .     (no cloak)
rCorr  .         Harm     .     (no gloves)
MR     .....                    i - +0 pair of boots (curse)
Stlth  ..........               (no amulet)
                                l - +2 ring of intelligence
                                g - ring of ice

@: no status effects
A: no striking features
a: no special abilities


You were on level 5 of the Dungeon.
You were not hungry.

You visited 1 branch of the dungeon, and saw 6 of its levels.
You also visited: Ossuary.

You collected 242 gold pieces.

Inventory:

Hand Weapons
 a - a +1 war axe (weapon)
Armour
 b - a +0 scale mail (worn)
 c - a +1 shield (worn)
 i - a cursed +0 pair of boots (worn)
Jewellery
 g - a ring of ice (left hand)
 l - a +2 ring of intelligence (right hand)
 o - a +4 ring of intelligence
Scrolls
 k - 2 scrolls of remove curse
 m - a scroll of enchant armour
 n - 4 scrolls of teleportation
 p - a scroll of magic mapping
 q - 2 scrolls of random uselessness
Potions
 e - a potion of magic
 f - a potion of agility
 t - a potion of flight
Comestibles
 h - 5 meat rations
 j - 2 royal jellies
 r - a slice of pizza
 s - a beef jerky
 u - a bread ration
 v - 3 fruits


   Skills:
 - Level 3.6 Fighting
 - Level 4.7 Axes
 - Level 9.7 Armour
 + Level 6.9 Dodging
 - Level 3.2 Shields


You had 8 spell levels left.
You didn't know any spells.

Dungeon Overview and Level Annotations

Branches:
Dungeon (6/15)
 Temple: D:4-7

Altars:
Ashenzari
Dithmenos
Hepliaklqana
Trog
Vehumet


Message History

The orc warrior hits you with a battleaxe!
* * * LOW HITPOINT WARNING * * *
You barely miss the orc warrior.
The orc warrior is almost dead.
The orc warrior hits you with a battleaxe!
* * * LOW HITPOINT WARNING * * *
Your shield and scale mail prevent you from hitting the orc warrior.
The orc warrior is almost dead.
The orc warrior hits you with a battleaxe.
* * * LOW HITPOINT WARNING * * *
You feel much better.
The orc warrior hits you with a battleaxe!
* * * LOW HITPOINT WARNING * * *
You barely miss the orc warrior.
The orc warrior is almost dead.
The orc warrior barely misses you.
You hit the orc warrior but do no damage.
The orc warrior is almost dead.
The orc warrior hits you with a battleaxe!
You die...

#.# #.# #.# #.# #.# #.#
#.# #.# #.# #.# #.#
#.## #.# #.# #.# #...
#.# #.# #.# ####
#.#####.# #.######
#.......# ####.##...###
#..########.##.##......
#.....@o...#....#...###
##.########.###.##.##..
#.# #p###.##.##.# #.#
#.......(...# #.#
#..##########
#.########..#
#...........##########
##########............
#############


You could see an orc warrior.

Vanquished Creatures
  Pikel (D:5)
  Grinder (D:3)
  The ghost of Agrougrou the Covert, an amateur OpAs (D:3)
  Menkaure (D:5)
  A slave (D:5)
  2 eyes of draining (D:4)
  An ogre (D:4)
  A phantom (D:5)
  A bullfrog (D:6)
  3 elf zombies (Ossuary)
  2 centaur zombies (Ossuary)
  2 crimson imps
  A hound (D:4)
  A human zombie (Ossuary)
  A gnoll shaman (D:4)
  2 orc wizards
  An iguana (D:4)
  A worker ant (D:4)
  A big kobold zombie (Ossuary)
  A hound skeleton (D:4)
  2 mummies (Ossuary)
  5 gnolls (D:4)
  9 adders
  A shadow imp (D:6)
  2 oozes (D:2)
  An adder zombie (Ossuary)
  7 worms
  4 dart slugs
  3 leopard geckos
  10 orcs
  4 bats
  8 giant cockroaches
  5 goblins
  10 hobgoblins
  6 jackals
  6 kobolds
  4 quokkas
  5 frilled lizards
  8 hobgoblin zombies (Ossuary)
  2 jackal zombies (Ossuary)
  9 kobold zombies (Ossuary)
  8 orc zombies (Ossuary)
  22 rats
  A rat zombie (Ossuary)
168 creatures vanquished.

Notes
Turn   | Place    | Note
-------+----------+-------------------------------------------
     0 | D:1      | vatarom the Hill Orc Fighter began the quest for the Orb.
     0 | D:1      | Reached XP level 1. HP: 19/19 MP: 1/1
   244 | D:1      | Reached skill level 1 in Dodging
   312 | D:1      | Reached XP level 2. HP: 22/26 MP: 2/2
   913 | D:2      | Reached XP level 3. HP: 23/31 MP: 3/3
  1189 | D:2      | Reached XP level 4. HP: 33/39 MP: 4/4
  1229 | D:2      | Reached skill level 4 in Armour
  1655 | D:2      | Found a shadowy altar of Dithmenos.
  1671 | D:2      | Reached XP level 5. HP: 38/45 MP: 5/5
  1841 | D:3      | Reached skill level 5 in Armour
  1952 | D:3      | Noticed Grinder
  1960 | D:3      | Killed Grinder
  1960 | D:3      | Reached skill level 7 in Armour
  1960 | D:3      | Reached XP level 6. HP: 30/51 MP: 6/6
  2027 | D:3      | Noticed Agrougrou's ghost (amateur OpAs)
  2045 | D:3      | Killed Agrougrou's ghost
  2045 | D:3      | Reached skill level 8 in Armour
  2045 | D:3      | Reached XP level 7. HP: 37/57 MP: 7/7
  2855 | D:4      | Found a bloodstained altar of Trog.
  2872 | D:4      | Reached skill level 9 in Armour
  3098 | D:4      | Reached XP level 8. HP: 18/64 MP: 8/8
  4239 | D:4      | Found a shattered altar of Ashenzari.
  4406 | D:5      | Entered Level 5 of the Dungeon
  4449 | D:5      | Noticed Menkaure
  4454 | D:5      | Killed Menkaure
  4564 | D:5      | Found a sand-covered staircase.
  4569 | Ossuary  | Entered an ossuary
  4691 | Ossuary  | Reached skill level 5 in Dodging
  5042 | D:5      | Reached XP level 9. HP: 68/70 MP: 9/9
  5071 | D:5      | Noticed Pikel
  5108 | D:5      | Killed Pikel
  5685 | D:6      | Found a hazy altar of Hepliaklqana.
  5798 | D:6      | Found a radiant altar of Vehumet.
  5871 | D:5      | Slain by an orc warrior

Skill      XL: |  1  2  3  4  5  6  7  8  9 |
---------------+----------------------------+-----
Dodging        | 1 5 6 |  6.9
Axes           | 3 4 |  4.7
Armour         | 4 7 8 9 |  9.7
Fighting       | |  3.6
Shields        | |  3.2

Action                   |  1- 3 |  4- 6 |  7- 9 || total
-------------------------+-------+-------+-------++-------
Melee: War axe           |   100 |   114 |   384 ||   598
  Use: Scroll            |     5 |       |     4 ||     9
       Potion            |     2 |     2 |     8 ||    12
  Eat: Chunk             |     1 |     1 |       ||     2
       Bread ration      |       |     1 |     3 ||     4
       Beef jerky        |       |       |     1 ||     1
Armor: Scale mail        |    35 |    64 |   146 ||   245
Dodge: Dodged            |    26 |    42 |   153 ||   221
Block: Shield            |    59 |    75 |   185 ||   319
